 Dungeon Sprint DCSS version 0.30-a0-168-g0b976cbdc4 (webtiles) character file.

Game seed: 12830179995974623172

9100000 howech the Archmage (level 27, -17/228 HPs)
             Began as a Djinni Conjurer on Sept 29, 2022.
             Was the Champion of Makhleb.
             Killed by the air
             ... invoked by a tyrant
              (37 damage)
             ... in the Dungeon (Sprint VIII: "Arena of Blood").
             The game lasted 00:05:16 (91 turns).

howech the Archmage (Djinni Conjurer)                 Turns: 91, Time: 00:05:16

Health: -17/228    AC:  4    Str:  6    XL:     27
Gold:   0          EV: 26    Int: 32    God:    Makhleb [******] SH:  0 Dex: 14

rFire   + + .      SeeInvis +    g - +∞ Axe of Woe
rCold   x . .      Faith    .    (shield currently unavailable)
rNeg    . . .      Spirit   .    a - +0 robe
rPois   ∞          Reflect  .    (no helmet)
rElec   .          Harm     .    (no cloak)
rCorr   .          Rampage  .    (no gloves)
Will    ++...      NoTele   +    (boots unavailable)
Stlth   +++++++++.               (no amulet)
HPRegen 0.48/turn                d - ring of see invisible
MPRegen 0.00/turn                (no ring)

@: calling dragons, flying
A: sickness immunity, fire resistance 2, cold vulnerability 1, float, innate
caster, HP casting, extra vitality 1
a: Renounce Religion, Minor Destruction, Lesser Servant of Makhleb, Major
Destruction, Greater Servant of Makhleb


You were in the Dungeon.
You worshipped Makhleb.
Makhleb was exalted by your worship.
You visited 1 branch

Inventory:

Hand Weapons
 g - the +∞ Axe of Woe (weapon)
   (You found it in the Dungeon)
Armour
 a - a +0 robe (worn)
Jewellery
 d - a ring of see invisible (left hand)
Potions
 b - a potion of curing
 e - a potion of berserk rage


   Skills:
 O Level 27 Fighting
 O Level 27 Short Blades
 O Level 27 Long Blades
 O Level 27 Axes
 + Level 25.5(27) Maces & Flails
 + Level 25.5(27) Polearms
 O Level 27 Staves
 + Level 25.5 Ranged Weapons
 + Level 25.4 Throwing
 O Level 27 Armour
 O Level 27 Dodging
 O Level 27 Stealth
 O Level 27 Shields
 O Level 27 Unarmed Combat
 O Level 27 Spellcasting
 O Level 27 Invocations
 O Level 27 Evocations


You couldn't memorise any spells.
You knew the following spells:

 Your Spells              Type           Power      Damage    Failure   Level
a - Magic Dart            Conj           100%       1d8       0%          1
b - Searing Ray           Conj           100%       2d8       0%          2
c - Dazzling Flash        Conj/Hex       100%       N/A       0%          3
d - Fulminant Prism       Conj/Hex       60%        3d27      0%          4
e - Iskenderun's Mystic   Conj/Tloc      100%       2d19      0%          4
f - Necrotise             Necr           100%       1d9       0%          1
g - Blink                 Tloc           100%       N/A       0%          2
h - Ozocubu's Armour      Ice            100%       N/A       0%          3
i - Swiftness             Air            100%       N/A       0%          3
j - Agony                 Necr           100%       N/A       0%          5
k - Arcjolt               Conj/Air       60%        1d70      0%          5
l - Iron Shot             Conj/Erth      60%        9d11      0%          6
m - Malign Gateway        Summ/Tloc      60%        N/A       0%          7
n - Death Channel         Necr           60%        N/A       0%          6
o - Spellforged Servitor  Conj/Summ      60%        N/A       0%          7
p - Monstrous Menagerie   Summ           60%        N/A       0%          7
q - Dragon's Call         Summ           60%        N/A       1%          9
r - Death's Door          Necr           60%        N/A       1%          9
Your spell library was empty.

Dungeon Overview and Level Annotations

Branches:
Dungeon (1/1)

Altars:
Makhleb


Innate Abilities, Weirdness & Mutations

You are immune to sickness and miasma.
You are immune to poison.
Your flesh is very heat resistant. (rF++)
You are vulnerable to cold. (rC-)
You float through the air rather than walking.
You learn spells naturally, not from books.
Your magical power is your life essence.
You have superior vitality. (+4 MHP)


Message History

The bolt of negative energy hits your storm dragon!!!
Your storm dragon is drained!
Your storm dragon dies!
Your storm dragon's corpse disappears in a puff of smoke!
The bolt of negative energy hits your fire dragon!!!!
Your fire dragon is drained!
Your fire dragon dies!
Your fire dragon's corpse disappears in a puff of smoke!
The bolt of negative energy hits the tyrant.
The tyrant completely resists.
A bag of meat comes into view. It is wielding a +9 war axe.
Something closely misses your golden dragon.
You hear a shout!
The accursed casts a spell at you. Something smites you!
* * * LOW HITPOINT WARNING * * *
You have mastered Long Blades!
Your base Maces & Flails skill increases to level 25!
Your base Polearms skill increases to level 25!
You have mastered Staves!
Your Ranged Weapons skill increases to level 25!
Your Throwing skill increases to level 25!
Unknown command.
Unknown command.
You hear a shout! x2
The meat beast is engulfed in blazing flames.
You hear a shout! x2
Your quicksilver dragon bites the dread!
Your quicksilver dragon claws the dread!
You hear a shout! x2
The dread calls on the powers of darkness!
Your quicksilver dragon convulses!
Your body is wracked with pain!
* * * LOW HITPOINT WARNING * * *
The bag of meat convulses! x4
A tyrant comes into view.
You hear a shout!
The tyrant waves its bony arms in wide circles.
The air twists around and strikes you!!!
You die...

................. ...
.#.#....L......... ...
#.#..o.........)..
...#o#.#........O.).).
...#.#§....#.....)).# ..
....ooML........)..#
.... #..MoL.)##.#.......
.....##.Do..))).........
#....@2####)O..#.))).#
####.)§)L°☼DW).)).)...
####§§☼.§DW.)).....
####.....)......
#############


You could see 2 accurseds, a meat beast (fast), 4 tyrants, an eight-headed meat
hydra, a dread (ally target), 6 bags of meat, a friendly golden dragon
(summoned) and a friendly quicksilver dragon (summoned).

Vanquished Creatures
  A royal mummy (D)
  10 vampire knights (D)
  27 ogres (D)
  5 two-headed ogres (D)
  A lich (D)
  A hydra (D)
  A phantom (D)
  41 orcs (D)
  4 skeletal warriors (D)
91 creatures vanquished.

Vanquished Creatures (collateral kills)
  2 orcs (D)
2 creatures vanquished.

Grand Total: 93 creatures vanquished

Notes
Turn   | Place    | Note
-------+----------+-------------------------------------------
     0 | D        | Found the +∞ Axe of Woe
     0 | D        | howech the Djinni Conjurer began the quest for the Orb.
     0 | D        | howech set off with the following spells memorised: Magic
                  | Dart, Searing Ray, Dazzling Flash, Fulminant Prism,
                  | Iskenderun's Mystic Blast.
     0 | D        | Reached XP level 1. HP: 15/15 MP: 0/0
     1 | D        | Noticed a bag of meat
     1 | D        | Noticed a bag of meat
     3 | D        | Became a worshipper of Makhleb the Destroyer
     4 | D        | Noticed a bag of meat
     5 | D        | Noticed a bag of meat
     5 | D        | Noticed a bag of meat
     5 | D        | Noticed a bag of meat
     5 | D        | Noticed a bag of meat
     6 | D        | Noticed a bag of meat
     6 | D        | Noticed a meat berserker
     9 | D        | Killed a bag of meat
     9 | D        | Killed a bag of meat
     9 | D        | Reached * piety under Makhleb
     9 | D        | Killed a bag of meat
     9 | D        | Noticed a bag of meat
    10 | D        | Reached XP level 2. HP: 25/25 MP: 0/0
    10 | D        | Reached XP level 3. HP: 30/30 MP: 0/0
    10 | D        | Learned a level 1 spell: Necrotise
    10 | D        | Reached XP level 4. HP: 35/35 MP: 0/0
    10 | D        | Reached XP level 5. HP: 40/40 MP: 0/0
    10 | D        | Learned a level 2 spell: Blink
    10 | D        | Reached XP level 6. HP: 46/46 MP: 0/0
    10 | D        | Reached XP level 7. HP: 50/50 MP: 0/0
    10 | D        | Learned a level 3 spell: Ozocubu's Armour
    10 | D        | Reached XP level 8. HP: 56/56 MP: 0/0
    10 | D        | Reached XP level 9. HP: 60/60 MP: 0/0
    10 | D        | Learned a level 3 spell: Swiftness
    10 | D        | Reached XP level 10. HP: 67/67 MP: 0/0
    10 | D        | Reached XP level 11. HP: 71/71 MP: 0/0
    10 | D        | Learned a level 5 spell: Agony
    10 | D        | Reached XP level 12. HP: 76/76 MP: 0/0
    10 | D        | Reached XP level 13. HP: 81/81 MP: 0/0
    10 | D        | Learned a level 5 spell: Arcjolt
    10 | D        | Noticed a meat berserker
    10 | D        | Noticed a bag of meat
    10 | D        | Noticed a bag of meat
    11 | D        | Noticed a meat berserker
    11 | D        | Killed a bag of meat
    11 | D        | Noticed a meat berserker
    11 | D        | Noticed a bag of meat
    11 | D        | Noticed a bag of meat
    12 | D        | Reached skill level 5 in Stealth
    12 | D        | Reached skill level 15 in Invocations
    12 | D        | Noticed a bag of meat
    12 | D        | Killed a meat berserker
    12 | D        | Reached ** piety under Makhleb
    12 | D        | Noticed a bag of meat
    12 | D        | Noticed a bag of meat
    12 | D        | Noticed a bag of meat
    12 | D        | Noticed a bag of meat
    12 | D        | Noticed a bag of meat
    13 | D        | Reached XP level 14. HP: 53/88 MP: 0/0
    13 | D        | Killed a bag of meat
    14 | D        | Noticed a meat berserker
    14 | D        | Noticed a meat berserker
    14 | D        | Noticed a meat berserker
    14 | D        | Noticed a large bag of meat
    15 | D        | Killed a bag of meat
    15 | D        | Killed a bag of meat
    15 | D        | Reached *** piety under Makhleb
    15 | D        | Noticed a bag of meat
    16 | D        | Reached skill level 15 in Axes
    16 | D        | Reached skill level 10 in Dodging
    16 | D        | Reached XP level 15. HP: 94/94 MP: 0/0
    16 | D        | Learned a level 6 spell: Iron Shot
    17 | D        | Killed a meat berserker
    17 | D        | Killed a meat berserker
    17 | D        | Reached **** piety under Makhleb
    17 | D        | Noticed a meat berserker
    18 | D        | Reached XP level 16. HP: 103/103 MP: 0/0
    18 | D        | Killed a meat berserker
    18 | D        | Noticed a meat berserker
    18 | D        | Noticed a meat berserker
    18 | D        | Noticed a meat berserker
    19 | D        | Reached skill level 27 in Spellcasting
    19 | D        | Reached XP level 17. HP: 111/111 MP: 0/0
    19 | D        | Learned a level 7 spell: Malign Gateway
    19 | D        | Reached ***** piety under Makhleb
    20 | D        | Killed a meat berserker
    21 | D        | Killed a meat berserker
    21 | D        | Noticed a destroyer
    22 | D        | Reached skill level 10 in Fighting
    22 | D        | Reached XP level 18. HP: 126/126 MP: 0/0
    22 | D        | Killed a meat berserker
    22 | D        | Reached ****** piety under Makhleb
    23 | D        | Reached skill level 27 in Axes
    23 | D        | Reached skill level 27 in Invocations
    23 | D        | Reached XP level 19. HP: 150/150 MP: 0/0
    23 | D        | Learned a level 6 spell: Death Channel
    23 | D        | Noticed a destroyer
    23 | D        | Noticed a destroyer
    23 | D        | Noticed a destroyer
    23 | D        | Noticed a destroyer
    23 | D        | Noticed a destroyer
    23 | D        | Noticed a destroyer
    24 | D        | Killed a destroyer
    24 | D        | Killed a meat berserker
    25 | D        | Noticed a large bag of meat
    26 | D        | Killed a destroyer
    26 | D        | Killed a destroyer
    27 | D        | Reached skill level 27 in Fighting
    27 | D        | Reached skill level 27 in Dodging
    27 | D        | Reached XP level 20. HP: 181/181 MP: 0/0
    28 | D        | Killed a destroyer
    28 | D        | Killed a meat berserker
    29 | D        | Reached skill level 27 in Stealth
    29 | D        | Reached XP level 21. HP: 187/187 MP: 0/0
    29 | D        | Learned a level 7 spell: Spellforged Servitor
    31 | D        | Killed a destroyer
    32 | D        | Reached skill level 5 in Short Blades
    32 | D        | Reached skill level 5 in Long Blades
    32 | D        | Reached skill level 5 in Staves
    32 | D        | Reached skill level 5 in Armour
    32 | D        | Reached skill level 5 in Shields
    32 | D        | Reached skill level 5 in Unarmed Combat
    32 | D        | Reached skill level 5 in Evocations
    34 | D        | Killed a destroyer
    37 | D        | Reached XP level 22. HP: 194/194 MP: 0/0
    37 | D        | Killed a destroyer
    37 | D        | Killed a meat berserker
    38 | D        | Reached skill level 10 in Short Blades
    38 | D        | Reached skill level 10 in Long Blades
    38 | D        | Reached skill level 10 in Staves
    38 | D        | Noticed a destroyer
    42 | D        | Noticed a meat berserker
    43 | D        | Killed a meat berserker
    43 | D        | Killed a large bag of meat
    43 | D        | Noticed a meat berserker
    44 | D        | Reached XP level 23. HP: 194/201 MP: 0/0
    44 | D        | Learned a level 7 spell: Monstrous Menagerie
    49 | D        | Reached skill level 15 in Short Blades
    49 | D        | Reached skill level 15 in Armour
    49 | D        | Reached skill level 15 in Shields
    49 | D        | Reached skill level 15 in Unarmed Combat
    49 | D        | Reached skill level 15 in Evocations
    49 | D        | Noticed a large bag of meat
    52 | D        | Reached skill level 15 in Long Blades
    52 | D        | Reached skill level 15 in Staves
    55 | D        | Reached XP level 24. HP: 208/208 MP: 0/0
    56 | D        | Noticed an accursed
    56 | D        | Noticed a tyrant
    57 | D        | Reached skill level 15 in Maces & Flails
    57 | D        | Reached skill level 15 in Polearms
    57 | D        | Reached skill level 15 in Ranged Weapons
    57 | D        | Reached skill level 15 in Throwing
    57 | D        | Noticed a large bag of meat
    59 | D        | Killed a large bag of meat
    62 | D        | Reached XP level 25. HP: 211/214 MP: 0/0
    62 | D        | Learned a level 9 spell: Dragon's Call
    64 | D        | Killed an accursed
    65 | D        | Reached XP level 26. HP: 221/221 MP: 0/0
    70 | D        | Killed a tyrant
    72 | D        | Reached XP level 27. HP: 228/228 MP: 0/0
    72 | D        | Learned a level 9 spell: Death's Door
    73 | D        | Noticed a destroyer
    75 | D        | Killed a large bag of meat
    75 | D        | Killed a destroyer
    77 | D        | Killed a large bag of meat
    77 | D        | Noticed a dread
    78 | D        | Noticed a large bag of meat
    82 | D        | Reached skill level 27 in Armour
    82 | D        | Reached skill level 27 in Shields
    82 | D        | Reached skill level 27 in Unarmed Combat
    82 | D        | Reached skill level 27 in Evocations
    84 | D        | Killed a destroyer
    85 | D        | Reached skill level 27 in Short Blades
    86 | D        | Killed a large bag of meat
    86 | D        | Noticed a meat beast
    88 | D        | Noticed an accursed
    88 | D        | Noticed a tyrant
    88 | D        | Noticed a tyrant
    88 | D        | Noticed a destroyer
    89 | D        | Noticed an accursed
    90 | D        | Killed a destroyer
    90 | D        | Noticed a tyrant
    91 | D        | Reached skill level 27 in Long Blades
    91 | D        | Reached skill level 27 in Staves
    91 | D        | Noticed a tyrant
    91 | D        | Killed from afar by a tyrant

Illustrated notes

Levels and vault maps discovered:
D:        meatsprint

Skill      XL: |  1  2  3  4  5  6  7  8  9 10 11 12 13 14 15 16 17 18 19 20 21 22 23 24 25 26 27 |
---------------+----------------------------------------------------------------------------------+-----
Fighting       | 3 4 6 10 17 27 | 27.0
Axes           | 11 13 15 18 20 25 27 | 27.0
Dodging        | 7 9 10 11 12 13 16 27 | 27.0
Stealth        | 4 5 6 7 8 9 20 27 | 27.0
Spellcasting   | 19 22 24 26 27 | 27.0
Invocations    | 14 16 18 20 21 24 27 | 27.0
Short Blades   | 8 12 16 19 21 24 27 | 27.0
Long Blades    | 8 12 15 18 20 22 27 | 27.0
Maces & Flails | 7 11 14 16 18 21 25 | 25.5
Polearms       | 7 11 14 16 18 21 25 | 25.5
Staves         | 8 12 15 18 20 22 27 | 27.0
Ranged Weapons | 7 11 14 16 18 21 25 | 25.5
Throwing       | 7 11 14 16 18 21 25 | 25.4
Armour         | 8 13 16 19 22 24 27 | 27.0
Shields        | 8 13 16 19 22 24 27 | 27.0
Unarmed Combat | 8 13 16 19 22 24 27 | 27.0
Evocations     | 8 13 16 19 22 24 27 | 27.0

Action                   |  1- 3 |  4- 6 |  7- 9 | 10-12 | 13-15 | 16-18 | 19-21 | 22-24 | 25-27 || total
-------------------------+-------+-------+-------+-------+-------+-------+-------+-------+-------++-------
Melee: Executioner's axe |     1 |       |       |       |     5 |     5 |     7 |    12 |    20 ||    50
 Cast: Iron Shot         |       |       |       |       |     1 |       |       |       |       ||     1
       Monstrous Menager |       |       |       |       |       |       |       |     1 |       ||     1
       Dragon's Call     |       |       |       |       |       |       |       |       |     1 ||     1
  Use: Potion            |     1 |       |       |       |       |       |       |       |     1 ||     2
       Scroll            |       |       |       |       |       |       |     1 |       |       ||     1
Dodge: Dodged            |       |       |       |       |       |       |       |       |     1 ||     1

Table legend: (Time is in decaauts)
 A = Elapsed time spent in this place.
 B = Non-inter-level travel time spent in this place.
 C = Inter-level travel time spent in this place.
 D = Time resting spent in this place.
 E = Time spent auto-exploring this place.
 F = Levels seen in this place.
 G = Mean time per level.
                   A        B        C        D        E       F      G
               +--------+--------+--------+--------+--------+-----+--------+
         Total |     62 |     62 |      0 |      0 |      0 |   1 |   62.0 |
       Dungeon |     62 |     62 |      0 |      0 |      0 |   1 |   62.0 |
               +--------+--------+--------+--------+--------+-----+--------+

Top non-repeatable levels by time:
       D: 62 daAuts
